 Dungeon Crawl Stone Soup version 0.29.0-7-g18a832c13a (webtiles) character file.

Game seed: 8688595346979724366

1420 sanka the Grappler (level 8, -1/71 (75) HPs)
             Began as a Troll Cinder Acolyte on Aug 31, 2022.
             Was a High Priest of Ignis.
             Slain by an orc warrior
             ... wielding a +2 hand axe of electrocution
              (8 damage)
             ... on level 6 of the Dungeon.
             The game lasted 00:05:47 (4804 turns).

sanka the Grappler (Troll Cinder Acolyte)           Turns: 4804, Time: 00:05:48

HP:   -1/71 (75)    AC:  4    Str: 23    XL:     8   Next: 43%
MP:   8/8           EV:  9    Int: 10    God:    Ignis [*****.]
Gold: 399           SH:  0    Dex:  7    Spells: 9/9 levels left

rFire   + . .      SeeInvis .     - Unarmed
rCold   + . .      Faith    .   (no shield)
rNeg    . . .      Spirit   .   a - +0 robe
rPois   .          Reflect  .   (helmet restricted)
rElec   .          Harm     .   (no cloak)
rCorr   +          Rampage  .   (gloves unavailable)
Will    .....                   (boots unavailable)
Stlth   +.........              (no amulet)
HPRegen 1.01/turn               A - ring of protection from cold
MPRegen 0.11/turn               j - ring of resist corrosion

@: hasted, drained, very quick
A: large, unfitting armour, claws 3, regeneration 1, shaggy fur 1, tough skin 1
a: Renounce Religion, Fiery Armour, Foxfire Swarm, Rising Flame


You were on level 6 of the Dungeon.
You worshipped Ignis.
Ignis was extremely pleased with you.
You visited 1 branch of the dungeon, and saw 7 of its levels.

You collected 477 gold pieces.
You spent 78 gold pieces at shops.


Innate Abilities, Weirdness & Mutations

You are too large for most types of armour.
You have claws for hands.
Your natural rate of healing is unusually fast.
You are covered in fur. (AC +1)
You have tough skin. (AC +1)


   Skills:
 + Level 3.3 Fighting
 + Level 10.3 Unarmed Combat
 - Level 1.0 Spellcasting
 - Level 2.1 Fire Magic
 + Level 1.3 Invocations


You had 9 spell levels left.
You didn't know any spells.
Your spell library contained the following spells:

 Spells                   Type           Power      Damage    Failure   Level
 Scorch                   Fire           8%         2d5       22%         2
 Magic Dart               Conj           0%         1d3       34%         1
 Summon Small Mammal      Summ           0%         N/A       34%         1
 Call Imp                 Summ           0%         N/A       45%         2
 Call Canine Familiar     Summ           0%         N/A       71%         3
 Mephitic Cloud           Conj/Pois/Air  0%         N/A       71%         3
 Summon Guardian Golem    Hex/Summ       0%         N/A       71%         3

Inventory:

Missiles
 B - 5 curare-tipped darts {=f}
Armour
 a - a +0 robe (worn)
Magical Staves
 u - a staff of poison
Jewellery
 j - a ring of resist corrosion (right claw)
 s - a ring of fire
 y - a ring of protection from fire
 A - a ring of protection from cold (left claw)
Wands
 z - a wand of quicksilver (13)
Scrolls
 e - a scroll of butterflies
 g - 2 scrolls of magic mapping
 h - a scroll of enchant armour
 i - a scroll of vulnerability {!r}
 k - 2 scrolls of torment {!r}
 m - a scroll of immolation {!r}
 p - a scroll of poison {!r}
 q - a scroll of teleportation {@r4}
 t - a scroll of amnesia
 v - 2 scrolls of noise {!r}
Potions
 b - a potion of curing {@q1}
 c - 2 potions of lignification {!q}
 d - 3 potions of heal wounds {@q2}
 f - 2 potions of might
 l - a potion of attraction {unknown}
 n - 2 potions of mutation {unknown}
 o - a potion of flight {unknown}
 r - a potion of brilliance {unknown}
 w - a potion of haste {@q3}
 x - a potion of cancellation {unknown}

Dungeon Overview and Level Annotations

Branches:
Dungeon (7/15)             Temple (0/1) D:7

Altars:
Ashenzari
Elyvilon
Gozag
Kikubaaqudgha
Okawaru
Ru
Sif Muna
Uskayaw
The Shining One

Shops:
D:2

(?[ ▒.....▒ ▒.)...▒
▒.....▒ ▒.)...▒
▒.....▒▒▒▒▒▒▒▒▒▒
▒..............▒
▒.............(▒▒▒▒▒▒▒▒▒▒
▒.......................▒
▒.........{T............▒
▒........<.o............▒
▒.......................▒
▒.......................▒
▒▒▒▒▒▒..................▒
▒..................▒
▒▒▒▒▒▒▒▒▒▒.........▒
▒.........▒ ▒.........▒


You could see an orc warrior.


Message History

You climb upwards.
Reactivating autopickup.
There is a stone staircase leading down here.
Unknown command.
Unknown command.
Use which ability? (? or * to list)
You are too confused!
Something hits you.
* * * LOW HITPOINT WARNING * * *
Deactivating autopickup; reactivate with Ctrl-A.
The orc warrior completely misses you.
You're too confused to move!
You feel less confused.
The orc warrior hits you with a +2 hand axe of electrocution!
* * * LOW HITPOINT WARNING * * *
Something hits you.
* * * LOW HITPOINT WARNING * * *
Unknown command.
You scratch the orc warrior.
The orc warrior is lightly wounded.
The orc warrior hits you with a +2 hand axe of electrocution!
* * * LOW HITPOINT WARNING * * *
Unknown command.
Unknown command.
Unknown command.
It was a potion of haste.
You feel yourself speed up. Something hits you but does no damage.
The orc warrior hits you with a +2 hand axe of electrocution!
You die...

Action                   |  1- 3 |  4- 6 |  7- 9 || total
-------------------------+-------+-------+-------++-------
Melee: Unarmed           |    92 |   102 |   102 ||   296
       Punch             |     2 |     1 |     3 ||     6
Invok: Fiery Armour      |       |     1 |       ||     1
  Use: Scroll            |     5 |       |     9 ||    14
       Potion            |     1 |       |     2 ||     3
Armor: Robe              |    26 |    41 |    21 ||    88
Dodge: Dodged            |    39 |    42 |    32 ||   113

Levels and vault maps discovered:
D:1:      psy_arrival_conway, layout_loops_ring
D:2:      layout_loops_corners, shapermc_ecumenical_altar_notcrosses,
          serial_shops, shop, shop, nicolae_shop_waterfront
D:3:      layout_basic, kennysheep_okawaru_gauntlet,
          nicolae_overflow_crystal_walls, chequers_serial_rivers_small_b,
          nicolae_titane, uniq_terence
D:4:      dreamdust_elfheim, layout_loops_ring,
          mainiacjoe_overflow_cross_hatched, mainiacjoe_overflow_alcove_2
D:5:      layout_basic, uniq_grinder
D:6:      layout_gridville, jmf_multi_god_temple, gammafunk_temple_overflow_claw
D:7:      layout_basic, nicolae_yredelemnul_corpse_copse,
          grunt_temple_overflow_open, minmay_temple_entry_mini_moons,
          enter_bailey_3, hellmonk_ghost_happy_afterlife, uniq_maggie

Notes
Turn   | Place    | Note
-------+----------+-------------------------------------------
     0 | D:1      | sanka the Troll Cinder Acolyte began the quest for the Orb.
     0 | D:1      | Reached XP level 1. HP: 22/22 MP: 1/1
   181 | D:1      | Reached XP level 2. HP: 24/29 MP: 2/2
   682 | D:2      | Reached skill level 4 in Unarmed Combat
   754 | D:2      | Found Qowud's Armour Shop.
   785 | D:2      | Reached XP level 3. HP: 36/36 MP: 3/3
   897 | D:2      | Found Todduo's Antique Weapon Emporium.
  1060 | D:2      | Found Pafoden's Magic Scroll Shoppe.
  1069 | D:2      | Bought 2 scrolls of identify for 52 gold pieces
  1069 | D:2      | Bought a scroll of identify for 26 gold pieces
  1154 | D:2      | Found a faded altar of an unknown god.
  1567 | D:3      | Reached XP level 4. HP: 31/44 MP: 4/4
  1620 | D:3      | Reached skill level 5 in Unarmed Combat
  1626 | D:3      | Found a sacrificial altar of Ru.
  1786 | D:3      | Noticed Terence
  1790 | D:3      | Killed Terence
  1791 | D:3      | Reached XP level 5. HP: 50/50 MP: 5/5
  1912 | D:3      | Found an iron altar of Okawaru.
  2239 | D:4      | Found a shimmering blue altar of Sif Muna.
  2318 | D:4      | Reached skill level 6 in Unarmed Combat
  2373 | D:4      | Found an opulent altar of Gozag.
  3016 | D:5      | Entered Level 5 of the Dungeon
  3030 | D:5      | Noticed Grinder
  3036 | D:5      | Paralysed by Grinder for 4 turns
  3041 | D:5      | Reached XP level 6. HP: 48/59 MP: 6/6
  3047 | D:5      | Killed Grinder
  3048 | D:5      | Reached skill level 7 in Unarmed Combat
  3109 | D:5      | Reached skill level 8 in Unarmed Combat
  3109 | D:5      | Reached XP level 7. HP: 60/66 MP: 7/7
  3376 | D:5      | Reached skill level 9 in Unarmed Combat
  3999 | D:6      | Reached XP level 8. HP: 61/74 MP: 8/8
  4034 | D:6      | Reached skill level 10 in Unarmed Combat
  4186 | D:6      | Reached skill level 3 in Fighting
  4296 | D:6      | Found a white marble altar of Elyvilon.
  4296 | D:6      | Found a glowing golden altar of the Shining One.
  4430 | D:6      | Reached skill level 1 in Invocations
  4529 | D:6      | Found a hide-covered altar of Uskayaw.
  4529 | D:6      | Found an ancient bone altar of Kikubaaqudgha.
  4530 | D:6      | Found a broken altar of Ashenzari.
  4779 | D:7      | Found a staircase to the Ecumenical Temple.
  4803 | D:6      | HP: 6/71 [orc warrior/+2 hand axe of electrocution (16)]
  4804 | D:6      | Slain by an orc warrior

Vanquished Creatures
  Grinder (D:5)
  2 water moccasins
  An ice beast (D:6)
  A sky beast (D:6)
  A phantom (D:5)
  A necrophage (D:6)
  A bullfrog (D:6)
  A scorpion (D:5)
  A howler monkey (D:5)
  3 orc priests
  3 hounds
  2 jellies
  An iguana (D:6)
  Terence (D:3)
  2 orc wizards (D:5)
  3 gnolls (D:4)
  6 adders
  A white imp (D:6)
  2 worms
  A dart slug (D:2)
  16 orcs
  6 bats
  4 endoplasms
  4 giant cockroaches
  4 goblins
  10 hobgoblins
  5 quokkas
  5 ball pythons
  6 frilled lizards
  5 kobolds
  5 rats
105 creatures vanquished.
